 Dungeon Crawl Stone Soup version 0.31.0-32-g396128a36d (webtiles) character file.

Game seed: 7797147369171889111

547 H0rd4k the Insei (level 7, 0/46 HPs)
             Began as an Octopode Artificer on Apr 24, 2024.
             Slain by a wyvern (16 damage)
             ... on level 5 of the Dungeon.
             The game lasted 00:03:01 (2562 turns).

H0rd4k the Insei (Octopode Artificer)               Turns: 2562, Time: 00:03:02

Health: 0/46       AC:  1    Str: 11    XL:     7   Next: 28%
Magic:  7/7        EV: 13    Int: 16    God:
Gold:   192        SH:  5    Dex: 12    Spells: 6/6 levels left

rFire   x .          .
                       - Unarmed
rCold   + . .        (no shield)
rNeg    . . .        (helmet restricted)
rPois   .            f - amulet of reflection
rElec   .            k - ring of ice
rCorr   .            (no ring)
SInv    .            (no ring)
Will    .....        (no ring)
Stlth   +++          (no ring)
HPRegen 0.27/turn    (no ring)
MPRegen 0.10/turn    (no ring)
                     (no ring)

%: reflection
@: no status effects
A: almost no armour, amphibious, 8 rings, camouflage 1, gelatinous body 1,
(nimble swimmer 1), tentacles
a: no special abilities


You were on level 5 of the Dungeon.
You visited 1 branch of the dungeon, and saw 5 of its levels.

You collected 192 gold pieces.

Inventory:

Jewellery
 f - an amulet of reflection (around mantle)
 k - a ring of ice (left tentacle)
 p - a ring of flight
Wands
 b - a wand of flame (14) (quivered)
 c - a wand of charming (8)
Scrolls
 a - 3 scrolls of identify {unknown}
 e - 2 scrolls of fog {unknown}
 g - 5 scrolls of teleportation {unknown}
 j - a scroll of immolation {unknown}
 l - a scroll of brand weapon {unknown}
 o - a scroll of silence {unknown}
 q - a scroll of blinking {unknown}
 r - a scroll of noise {unknown}
Potions
 h - a potion of curing {unknown}
 i - a potion of invisibility {unknown}
 m - a potion of cancellation {unknown}
 n - 3 potions of haste {unknown}


   Skills:
 + Level 3.2 Fighting
 - Level 2.3 Dodging
 - Level 1.3 Stealth
 + Level 1.1 Shields
 + Level 6.5 Unarmed Combat
 - Level 3.2 Evocations


You had 6 spell levels left.
You didn't know any spells.
Your spell library contained the following spells:

 Spells                   Type           Power      Damage    Failure   Level
 Fugue of the Fallen      Necr           0%         N/A       58%         3
 Ozocubu's Armour         Ice            0%         N/A       58%         3
 Manifold Assault         Tloc           0%         N/A       94%         4


Dungeon Overview and Level Annotations

Branches:
Dungeon (5/15)
 Temple: D:4-7

Altars:
Ashenzari
Hepliaklqana
Ru

Shops:
D:1 *

Annotations:
D:3 Pargi


Innate Abilities, Weirdness & Mutations

You cannot wear most types of armour.
You are amphibious.
You can wear up to eight rings at the same time.
Your skin changes colour to match your surroundings (Stealth+).
Your rubbery body absorbs attacks. (AC +1, EV +1)
((You are camouflaged when in or above water. (Stealth+)))
You have tentacles for arms and can constrict up to eight enemies at once.


Message History

Okay, then.
Aiming: Charm
Press: ? - help, Shift-Dir - straight line, f/p - iguana
Aim: an iguana (chance to affect: 66%)
The iguana is charmed.
The wyvern bites your iguana.
Unknown command.
What are your orders? t - Shout!
Orders for allies: a - Attack new target. p - Attack previous target. r - Retreat! s - Stop attacking. g - Guard the area. f - Follow me.
Anything else - Cancel.
Guard this area!
Your iguana bites the wyvern.
The wyvern bites your iguana! The wyvern bites your iguana.
Your iguana dies!
Aiming: Charm
Press: ? - help, Shift-Dir - straight line, f - wyvern
Aim: a wyvern (lightly wounded, chance to affect: 57%)
The wyvern is charmed.
Unknown command.
What are your orders? t - Shout!
Orders for allies: a - Attack new target. p - Attack previous target. r - Retreat! s - Stop attacking. g - Guard the area. f - Follow me.
Anything else - Cancel.
Guard this area!
A hound comes into view.
Your wyvern bites the hound.
The hound bites your wyvern.
Your wyvern misses the hound.
You swap places.
You block the hound's attack.
You swap places.
The hound bites your wyvern.
Your wyvern bites the hound!
The hound dies!
The wyvern is no longer charmed.
The wyvern hisses angrily.
The wyvern closely misses you. x2
Found 10 gold pieces.
The wyvern attacks as it pursues you! The wyvern closely misses you.
The wyvern bites you! The wyvern attacks as it pursues you!
The wyvern bites you!
You die...

..... #...#
######...#
#...##...
#...##..#
.#######...##..#
...$...@...##!.#
########k......#
#....#.####
#....#....# #
#...<#.##.#.#
#...#####.#.####.
##.......†.......
########........
#..........


You could see a wyvern.

Vanquished Creatures
  Grinder (D:3)
  An ogre (D:4)
  A hound (D:5)
  An iguana (D:4)
  Terence (D:2)
  4 adders
  2 ufetubi (D:4)
  A dart slug (D:1)
  2 ribbon worms
  7 orcs
  3 bats
  3 endoplasms
  4 giant cockroaches
  7 goblins
  5 hobgoblins
  2 jackals (D:1)
  5 quokkas
  4 ball pythons
  5 frilled lizards
  4 kobolds
  4 rats
67 creatures vanquished.

Vanquished Creatures (collateral kills)
  A hound (D:5)
  An iguana (D:5)
2 creatures vanquished.

Vanquished Creatures (others)
  An iguana (D:5)
1 creature vanquished.

Grand Total: 70 creatures vanquished

Notes
Turn   | Place    | Note
-------+----------+-------------------------------------------
     0 | D:1      | H0rd4k the Octopode Artificer began the quest for the Orb.
     0 | D:1      | Reached XP level 1. HP: 13/13 MP: 1/1
   158 | D:1      | Reached skill level 1 in Unarmed Combat
   182 | D:1      | Reached XP level 2. HP: 5/18 MP: 2/2
   405 | D:1      | Found Xiykyvon's Assorted Antiques.
   718 | D:2      | Reached skill level 2 in Unarmed Combat
   768 | D:2      | Noticed Terence
   780 | D:2      | Your ally Terence died
   781 | D:2      | Reached XP level 3. HP: 10/24 MP: 3/3
  1204 | D:3      | Reached skill level 3 in Unarmed Combat
  1204 | D:3      | Reached XP level 4. HP: 22/29 MP: 4/4
  1471 | D:3      | Noticed Grinder
  1480 | D:3      | Killed Grinder
  1481 | D:3      | Reached skill level 5 in Unarmed Combat
  1481 | D:3      | Reached XP level 5. HP: 31/35 MP: 5/5
  1481 | D:3      | Reached XP level 6. HP: 36/41 MP: 6/6
  1707 | D:3      | Found a sacrificial altar of Ru.
  1770 | D:3      | Noticed Pargi
  2100 | D:4      | Found a hazy altar of Hepliaklqana.
  2143 | D:4      | Found a broken altar of Ashenzari.
  2149 | D:4      | Identified the +3 sling "Plog" {drain, rPois rF+ rC+}
  2173 | D:4      | Reached skill level 6 in Unarmed Combat
  2271 | D:4      | Reached XP level 7. HP: 29/46 MP: 7/7
  2517 | D:5      | Entered Level 5 of the Dungeon
  2519 | D:5      | Noticed a wyvern
  2528 | D:5      | Reached skill level 1 in Shields
  2541 | D:5      | Noticed a wyvern
  2562 | D:5      | Slain by a wyvern

Illustrated notes

Levels and vault maps discovered:
D:1:      psy_arrival_basics, layout_loops_ring, serial_shops, shop
D:2:      layout_loops_corners, uniq_terence
D:3:      layout_loops_cross, lemuel_tele_altar, minivault_14, st_stairs_11,
          kennysheep_generic_room_14, uniq_pargi, uniq_grinder
D:4:      layout_gridville, evilmike_ruin_ashenzari,
          mainiacjoe_overflow_small_starburst
D:5:      layout_basic, minmay_temple_entry_enclosed_plants

Skill      XL: |  1  2  3  4  5  6  7 |
---------------+----------------------+-----
Unarmed Combat | 1 2 3 5 6 |  6.5
Fighting       | 2 3 |  3.2
Shields        | 1 |  1.1
Dodging        | |  2.3
Stealth        | |  1.3
Evocations     | |  3.2

Action                     |  1- 3 |  4- 6 |  7- 9 || total
---------------------------+-------+-------+-------++-------
  Melee: Unarmed           |    66 |    73 |    17 ||   156
         Tentacles         |    14 |    27 |     3 ||    44
         Constrict         |    18 |    20 |     3 ||    41
         Punch             |     1 |     2 |       ||     3
  Evoke: Wand              |     2 |     7 |     4 ||    13
   Stab: Sleeping          |     9 |     5 |     2 ||    16
 Armour: Skin              |    22 |    31 |    11 ||    64
  Dodge: Dodged            |    37 |    36 |    13 ||    86
  Block: Other             |     3 |    13 |     4 ||    20
         Reflection        |     1 |       |       ||     1
